 Dungeon Crawl Stone Soup version 0.30.0-29-ga12c61a403 (webtiles) character file.

Game seed: 8692581139635246140

71 Graphine the Grave Robber (level 4, -1/22 (30) HPs)
             Began as a Human Necromancer on June 16, 2023.
             Slain by a gnoll
             ... wielding a +0 halberd
              (7 damage)
             ... on level 2 of the Dungeon.
             The game lasted 00:04:09 (1514 turns).

Graphine the Grave Robber (Human Necromancer)       Turns: 1514, Time: 00:04:10

HP:   -1/22 (30)    AC:  5    Str:  8    XL:     4   Next: 47%
MP:   1/7           EV: 12    Int: 17    God:
Gold: 75            SH:  0    Dex: 14    Spells: 4/8 levels left

rFire   . . .        j - +2 flail (protect)
rCold   . . .        (no shield)
rNeg    . . .        a - +0 robe
rPois   .            e - +1 helmet
rElec   .            i - +0 cloak
rCorr   .            (no gloves)
SInv    .            (no boots)
Will    .....        (no amulet)
Stlth   ++           (no ring)
HPRegen 0.23/turn    (no ring)
MPRegen 0.10/turn

%: no passive effects
@: very heavily drained
A: no striking features
a: no special abilities


You were on level 2 of the Dungeon.
You visited 1 branch of the dungeon, and saw 2 of its levels.

You collected 75 gold pieces.

Inventory:

Hand Weapons
 c - a +0 dagger
 j - a +2 flail of protection (weapon)
Armour
 a - a +0 robe (worn)
 e - a +1 helmet (worn)
 i - a +0 cloak (worn)
Scrolls
 d - 2 scrolls of immolation {unknown}
Potions
 b - a potion of magic
 g - a potion of flight
 h - a potion of degeneration {unknown}


   Skills:
 + Level 2.7 Dodging
 + Level 2.8 Stealth
 + Level 2.6 Spellcasting
 + Level 4.4 Necromancy


You had 4 spell levels left.
You knew the following spells:

 Your Spells              Type           Power      Damage    Failure   Level
a - Necrotise             Necr           68%        1d7       3%          1
b - Vampiric Draining     Necr           17%        2d7       9%          3

Your spell library contained the following spells:

 Spells                   Type           Power      Damage    Failure   Level
 Blink                    Tloc           4%         N/A       28%         2
 Animate Dead             Necr           17%        N/A       28%         4
 Manifold Assault         Tloc           2%         N/A       88%         4
 Agony                    Necr           17%        N/A       63%         5
 Storm Form               Tmut/Air       1%         N/A       100%        7


Dungeon Overview and Level Annotations

Branches:
Dungeon (2/15)

Altars:


Message History

Aim: a gnoll, wielding a +1 mace of draining and wearing a +0 ring mail (about 35% to evade your +2 flail of protection)
You barely miss the gnoll. The gnoll hits you but does no damage.
You feel drained. The gnoll closely misses you.
Your gnoll skeleton misses the gnoll.
Hit: j) +2 flail (protect)
Press: ? - help, Dir - move target, f/p - gnoll
Aim: a gnoll, wielding a +1 mace of draining and wearing a +0 ring mail (about 35% to evade your +2 flail of protection)
You barely miss the gnoll. The gnoll barely misses you.
The gnoll hits you from afar with a +0 halberd!
* * * LOW HITPOINT WARNING * * *
Your gnoll skeleton hits the gnoll.
The gnoll hits you with a +1 mace of draining.
* * * LOW HITPOINT WARNING * * *
You feel drained.
* * * LOW HITPOINT WARNING * * *
The gnoll barely misses you.
You feel much better.
Your gnoll skeleton barely misses the gnoll.
The gnoll closely misses you.
The gnoll hits you from afar with a +0 halberd!
Casting: Necrotise (safe; 3% risk of failure)
Confirm with . or Enter, or press ? or * to list all spells.
Aiming: Necrotise (safe; 3% risk of failure)
Press: ? - help, Shift-Dir - straight line, f/p - gnoll
Aim: a gnoll, wielding a +1 mace of draining and wearing a +0 ring mail (chance to affect: 81%)
The gnoll writhes in agony.
Your gnoll skeleton hits the gnoll.
The gnoll hits you with a +1 mace of draining.
You feel drained. The gnoll barely misses you.
Casting: Necrotise (safe; 3% risk of failure)
Confirm with . or Enter, or press ? or * to list all spells.
Aiming: Necrotise (safe; 3% risk of failure)
Press: ? - help, Shift-Dir - straight line, f/p - gnoll
Aim: a gnoll, wielding a +1 mace of draining and wearing a +0 ring mail (lightly wounded, chance to affect: 81%)
The gnoll writhes in agony.
Your gnoll skeleton closely misses the gnoll.
The gnoll hits you with a +1 mace of draining.
* * * LOW HITPOINT WARNING * * *
You feel drained.
The gnoll hits you from afar with a +0 halberd!
You die...

#......# ## #......#
#. #......# #.. #.
#......# #.# #.
#...).Z#####.# #.
#...)g.'.. ..# #.
#...g..# #.### #.
#...@..# #... #.
####.#######.#######.
#..>..........†.'.
#....######.#####.
#....# #...###.
.....#### ###..###
###### ##.##
########..##
#......Z....


You could see 2 gnolls and a friendly gnoll skeleton.

Vanquished Creatures
  An adder (D:2)
  2 gnolls (D:2)
  3 worms (D:2)
  A ball python (D:1)
  4 goblins (D:1)
  3 hobgoblins
  4 bats
  3 frilled lizards
  4 kobolds
  8 rats
33 creatures vanquished.

Vanquished Creatures (collateral kills)
  An endoplasm (D:2)
  A hobgoblin (D:1)
  A kobold (D:1)
  A ball python (D:1)
  A bat (D:1)
5 creatures vanquished.

Grand Total: 38 creatures vanquished

Notes
Turn   | Place    | Note
-------+----------+-------------------------------------------
     0 | D:1      | Graphine the Human Necromancer began the quest for the Orb.
     0 | D:1      | Reached XP level 1. HP: 13/13 MP: 3/3
    88 | D:1      | Reached XP level 2. HP: 13/19 MP: 0/5
   500 | D:1      | Reached XP level 3. HP: 24/24 MP: 4/6
   678 | D:2      | Learned a level 3 spell: Vampiric Draining
  1317 | D:2      | Reached XP level 4. HP: 16/30 MP: 1/7
  1414 | D:2      | HP: 1/30 [frozen (2)]
  1511 | D:2      | HP: 1/24 [gnoll/+1 mace of draining (1)]
  1514 | D:2      | Slain by a gnoll

Illustrated notes

Levels and vault maps discovered:
D:1:      denvon_arrival_planthouse, layout_rooms
D:2:      layout_basic

Action                     |  1- 3 |  4- 6 || total
---------------------------+-------+-------++-------
  Melee: Dagger            |    41 |     6 ||    47
         Unarmed           |     1 |       ||     1
         Flail             |       |     7 ||     7
   Cast: Necrotise         |    48 |    16 ||    64
    Use: Scroll            |     3 |       ||     3
         Potion            |       |     3 ||     3
 Armour: Robe              |     6 |     6 ||    12
  Dodge: Dodged            |    33 |    26 ||    59
